 Dungeon Crawl Stone Soup version 0.24-a0-279-ga7546fe674 (webtiles) character file.

Game seed: 448304988489513937

11 JoanKharjo the Vexing (level 2, 0/21 HPs)
             Began as a Demonspawn Arcane Marksman on May 1, 2019.
             Succumbed to an adder's poison
             ... on level 2 of the Dungeon.
             The game lasted 00:01:48 (699 turns).

JoanKharjo the Vexing (Demonspawn Arcane Marksman)   Turns: 699, Time: 00:01:49

Health: 0/21       AC:  2    Str: 10    XL:     2   Next: 17%
Magic:  2/3        EV: 12    Int: 14    God:
Gold:   103        SH:  0    Dex: 13    Spells: 2/3 levels left

rFire    . . .     SeeInvis .   a - +0 shortbow
rCold    . . .     Gourm    .   (shield currently unavailable)
rNeg     . . .     Faith    .   e - +0 robe
rPois    .         Spirit   .   (no helmet)
rElec    .         Reflect  .   (no cloak)
rCorr    .         Harm     .   (no gloves)
MR       .....                  (no boots)
Stlth    +.........             (no amulet)
HPRegen  0.07/turn              (no ring)
MPRegen  0.08/turn              (no ring)

@: lethally poisoned (0 -> -13), hasted, very quick
A: demonic guardian 1
a: no special abilities


You were on level 2 of the Dungeon.
You were not hungry.

You visited 1 branch of the dungeon, and saw 2 of its levels.

You collected 103 gold pieces.

Inventory:

Hand Weapons
 a - a +0 shortbow (weapon)
 l - a +0 short sword
Missiles
 d - 33 arrows (quivered)
 g - 42 sling bullets
 h - 5 curare-tipped needles
Armour
 e - a +0 robe (worn)
Scrolls
 b - a scroll of teleportation {unknown}
 i - 2 scrolls of identify {unknown}
 k - 2 scrolls of remove curse {unknown}
Potions
 j - a potion of might {unknown}
Comestibles
 f - 3 rations


   Skills:
 - Level 1.0 Fighting
 + Level 2.6 Bows
 - Level 1.7 Dodging
 - Level 1.0 Spellcasting
 - Level 3.0 Hexes


You had 2 spell levels left.
You knew the following spells:

 Your Spells              Type           Power        Failure   Level  Hunger
a - Corona                Hex            #......      8%          1    ##.....

Your spell library contained the following spells:

 Spells                   Type           Power        Failure   Level  Hunger
 Slow                     Hex            #.......     12%         2    ###....
 Inner Flame              Hex/Fire       #.......     38%         3    ####...
 Portal Projectile        Hex/Tloc       #.....       38%         3    ####...
 Cause Fear               Hex            #.........   58%         4    #####..
 Leda's Liquefaction      Hex/Erth       #.........   80%         4    #####..


Dungeon Overview and Level Annotations

Branches:
Dungeon (2/15)

Altars:


Innate Abilities, Weirdness & Mutations

A weak demonic guardian rushes to your aid.


Message History

You feel sick. The adder closely misses you.
Firing (i - inventory)
d - 35 arrows (quivered)
Press: ? - help, Shift-Dir - straight line, f/p - adder
Aim: an adder (moderately wounded, softly glowing)
You shoot an arrow. The arrow hits the adder.
The adder is heavily wounded.
The adder closely misses you.
Firing (i - inventory)
d - 34 arrows (quivered)
Press: ? - help, Shift-Dir - straight line, f/p - adder
Aim: an adder (heavily wounded, softly glowing)
You shoot an arrow. The arrow closely misses the adder.
You feel sick.
The adder stops glowing.
The adder bites you.
* * * LOW HITPOINT WARNING * * *
The adder bites you.
* * * LOW HITPOINT WARNING * * *
You are more poisoned.
The adder poisons you!
Unknown command.
It was a potion of haste.
You feel yourself speed up.
You die...

.. .. .. .# ### .# ..#
r# #.# ##S## #.#
##@..## #.# ##.....##
##.## ##.......##
######...####.....†...#
............+.......[.+
######...####.........#
####.## ##.......##
#....# ##.....## #.####
##...##


You could see an adder and a rat.

Vanquished Creatures
  An ooze (D:1)
  A leopard gecko (D:1)
  2 goblins
  A frilled lizard (D:1)
  A kobold (D:1)
  A rat (D:1)
7 creatures vanquished.

Notes
Turn   | Place    | Note
-------+----------+-------------------------------------------
     0 | D:1      | JoanKharjo the Demonspawn Arcane Marksman began the quest
                  | for the Orb.
     0 | D:1      | Reached XP level 1. HP: 15/15 MP: 2/2
   249 | D:1      | Gained mutation: A weak demonic guardian rushes to your
                  | aid. [demonic ancestry]
   249 | D:1      | Reached XP level 2. HP: 21/21 MP: 1/3
   698 | D:2      | HP: 1/21 [adder (2)]
   699 | D:2      | Succumbed to an adder's poison

Levels and vault maps discovered:
D:1:      psy_arrival_radial02, layout_rooms
D:2:      layout_loops_corners, first_ration, corexii_item_surrounded_by_moat

Skill      XL: |  1 |
---------------+----+-----
Bows           | 2 |  2.6
Fighting       | |  1.0
Dodging        | |  1.7
Spellcasting   | |  1.0
Hexes          | |  3.0

Action                   || total
-------------------------++-------
Melee: Unarmed           ||     1
       Short sword       ||    12
 Fire: Shortbow          ||     7
 Cast: Corona            ||     6
  Use: Potion            ||     1
Armor: Robe              ||     2
Dodge: Dodged            ||    11

Table legend:
 A = Non-vault XP
 B = Vault XP
 C = Vault XP percentage of total XP
 D = Non-vault monster count
 E = Vault monster count
 F = Vault count percentage of total count
                 A         B        C        D         E       F
            +---------+---------+-------+---------+---------+-------
      Total |      17 |       0 |   0.0 |       7 |       0 |   0.0
            +---------+---------+-------+---------+---------+-------
        D:1 |      15 |       0 |   0.0 |       6 |       0 |   0.0
        D:2 |       2 |       0 |   0.0 |       1 |       0 |   0.0
            +---------+---------+-------+---------+---------+-------
